 Dungeon Crawl Stone Soup version 0.29.1-1-gd02db6906a (webtiles) character file.

Game seed: 5902051027970884046

397 warriortoast the Conjurer (level 6, -2/32 HPs)
             Began as a Deep Elf Conjurer on Oct 11, 2022.
             Killed from afar by a white imp (5 damage)
             ... with a puff of frost
             ... on level 5 of the Dungeon.
             The game lasted 00:13:28 (5908 turns).

warriortoast the Conjurer (Deep Elf Conjurer)       Turns: 5908, Time: 00:13:29

Health: -2/32      AC:  3    Str:  4    XL:     6   Next: 53%
Magic:  5/17       EV: 16    Int: 31    God:
Gold:   161        SH:  0    Dex: 13    Spells: 6/18 levels left

rFire   . . .      SeeInvis .   t - +0 short sword
rCold   . . .      Faith    .   (no shield)
rNeg    . . .      Spirit   .   a - +0 robe
rPois   .          Reflect  .   (no helmet)
rElec   .          Harm     .   q - +0 cloak
rCorr   .          Rampage  .   (no gloves)
Will    .....                   (no boots)
Stlth   ++........              (no amulet)
HPRegen 0.10/turn               c - +4 ring of evasion
MPRegen 0.15/turn               x - +6 ring of intelligence

@: no status effects
A: no striking features
a: no special abilities


You were on level 5 of the Dungeon.
You visited 2 branches of the dungeon, and saw 6 of its levels.

You collected 161 gold pieces.

Inventory:

Hand Weapons
 m - a +0 vampiric spear
 t - a +0 short sword (weapon)
Missiles
 u - 9 poisoned darts
Armour
 a - a +0 robe (worn)
 q - a +0 cloak (worn)
Jewellery
 c - a +4 ring of evasion (left hand)
 x - a +6 ring of intelligence (right hand)
Scrolls
 i - a scroll of teleportation
 k - a scroll of noise {unknown}
 l - a scroll of amnesia {unknown}
 n - a scroll of magic mapping {unknown}
 o - a scroll of fear {unknown}
 p - a scroll of immolation {unknown}
 r - a scroll of enchant weapon {unknown}
 s - a scroll of vulnerability {unknown}
 v - a scroll of brand weapon {unknown}
 w - a scroll of enchant armour {unknown}
Potions
 b - a potion of magic
 d - 2 potions of heal wounds
 e - a potion of lignification
 f - 2 potions of ambrosia
 g - a potion of mutation
 h - a potion of invisibility
 j - 4 potions of curing
 z - a potion of brilliance {unknown}


   Skills:
 - Level 2.4 Dodging
 - Level 2.4 Stealth
 + Level 6.7 Spellcasting
 + Level 6.7 Conjurations
 + Level 2.2 Hexes


You had 6 spell levels left.
You knew the following spells:

 Your Spells              Type           Power      Damage    Failure   Level
a - Magic Dart            Conj           100%       1d8       1%          1
b - Dazzling Flash        Conj/Hex       76%        N/A       2%          3
c - Fulminant Prism       Conj/Hex       19%        3d11      8%          4
d - Iskenderun's Mystic   Conj/Tloc      31%        2d8       12%         4

Your spell library contained the following spells:

 Spells                   Type           Power      Damage    Failure   Level
 Searing Ray              Conj           100%       2d8       1%          2


Dungeon Overview and Level Annotations

Branches:
Dungeon (5/15)             Temple (1/1) D:4

Altars:
Ashenzari
Dithmenos
Gozag
Hepliaklqana
Kikubaaqudgha
Makhleb
Nemelex Xobeh
Qazlal
Trog
Uskayaw
Wu Jian
Xom
Yredelemnul
Zin
The Shining One
Ignis

Shops:
D:2 (([

Annotations:
D:3 1 transporter, bakla's ghost, amateur HOAK
D:4 Dowan; Duvessa


Message History

Casting: Dazzling Flash (dangerous; 2% risk of failure)
Confirm with . or Enter, or press ? or * to list all spells.
Casting: Dazzling Flash (dangerous; 2% risk of failure)
Press: ? - help, Dir - look around, f - activate The white imp is dazzled.
The hobgoblin is dazzled.
The white imp gestures at you. The puff of frost hits you.
The hobgoblin barely misses you.
You hit the white imp.
The white imp is almost dead.
The white imp closely misses you. The hobgoblin barely misses you.
You hit the white imp.
The white imp is almost dead.
The white imp hits you. The white imp freezes you. The hobgoblin misses you.
You barely miss the white imp.
The white imp is almost dead.
The white imp shouts, "Remove thy stench, thou underdone fen-sucked pumpion!"
The white imp misses you.
You barely miss the white imp.
The white imp is almost dead.
The white imp is no longer blind.
The white imp gestures at you. The puff of frost hits you!
The hobgoblin completely misses you. The white imp gestures at you.
The puff of frost hits you!
* * * LOW HITPOINT WARNING * * *
Casting: Dazzling Flash (dangerous; 2% risk of failure)
Confirm with . or Enter, or press ? or * to list all spells.
Casting: Dazzling Flash (dangerous; 2% risk of failure)
Press: ? - help, Dir - look around, f - activate The white imp is dazzled.
The hobgoblin is dazzled.
The white imp completely misses you.
A hobgoblin comes into view. It is wielding a +0 scythe.
The hobgoblin misses you.
The hobgoblin shouts!
You hit the white imp but do no damage.
You punch the white imp, but do no damage.
The white imp is almost dead.
The white imp gestures at you. The puff of frost hits you.
You die...

#..g........ #g#
#.#
(..######.######
#>............#
######.#.####.#
#.#g# #.#5# #.#@#
#.#.####### #####
#.#.......# ....
####.#######.# ..
##^.....# #.# ##
#.......# ##.###
#####. #.......#
#....# #...#.
###############.#
#....###...#.
#........#....#.#
#..........#.


You could see a white imp (blind) and 2 hobgoblins.

Vanquished Creatures
  2 phantoms (D:5)
  A hound (D:4)
  A jelly (D:4)
  2 orc wizards (D:5)
  5 adders
  A worm (D:2)
  3 dart slugs
  13 orcs
  5 endoplasms
  2 giant cockroaches (D:2)
  4 goblins
  9 hobgoblins
  2 jackals (D:4)
  4 quokkas
  8 ball pythons
  5 bats
  2 frilled lizards (D:3)
  9 kobolds
  A rat (D:1)
79 creatures vanquished.

Notes
Turn   | Place    | Note
-------+----------+-------------------------------------------
     0 | D:1      | warriortoast the Deep Elf Conjurer began the quest for the
                  | Orb.
     0 | D:1      | Reached XP level 1. HP: 10/10 MP: 6/6
   366 | D:1      | Reached XP level 2. HP: 15/15 MP: 5/8
  1510 | D:2      | Reached skill level 5 in Conjurations
  1510 | D:2      | Reached XP level 3. HP: 19/19 MP: 4/10
  1639 | D:2      | Found Jaoner's Weapon Emporium.
  1673 | D:2      | Found Futos's Weapon Shop.
  1691 | D:2      | Found Egish's Armour Boutique.
  2266 | D:3      | Found a shadowy altar of Dithmenos.
  2272 | D:3      | Found a faded altar of an unknown god.
  2321 | D:3      | Found a transporter.
  2529 | D:3      | Noticed bakla's ghost (amateur HOAK)
  2530 | D:3      | Noticed an ogre
  2531 | D:3      | Noticed an ogre
  2531 | D:3      | Noticed an ogre
  2633 | D:3      | Reached XP level 4. HP: 24/24 MP: 9/12
  3513 | D:4      | Found a hide-covered altar of Uskayaw.
  3525 | D:4      | Reached skill level 5 in Spellcasting
  3880 | D:4      | Found a staircase to the Ecumenical Temple.
  3891 | D:4      | Reached XP level 5. HP: 28/28 MP: 11/14
  3907 | Temple   | Entered the Ecumenical Temple
  3988 | D:4      | Noticed Dowan
  4015 | D:4      | Noticed Duvessa
  4309 | D:4      | Found a broken altar of Ashenzari.
  4742 | D:5      | Entered Level 5 of the Dungeon
  5133 | D:5      | Noticed a phantom
  5283 | D:4      | Learned a level 3 spell: Dazzling Flash
  5288 | D:4      | Learned a level 4 spell: Fulminant Prism
  5293 | D:4      | Learned a level 4 spell: Iskenderun's Mystic Blast
  5303 | D:5      | Killed a phantom
  5304 | D:5      | Reached skill level 1 in Hexes
  5304 | D:5      | Reached XP level 6. HP: 8/32 MP: 7/17
  5908 | D:5      | Killed from afar by a white imp

Illustrated notes

Levels and vault maps discovered:
D:1:      dpeg_arrival_central, layout_basic
D:2:      minmay_recursive_quarters, layout_rooms, serial_shops, shop, shop,
          nicolae_square_shop
D:3:      layout_loops_corners, lemuel_tele_altar,
          chequers_ecumenical_altar_simple_redux, gammafunk_ghost_smash
D:4:      layout_basic, nicolae_uskayaw_suspiria, ashenzari_conservatory_becter,
          minmay_temple_entry_butterflies, uniq_duvessa
D:5:      layout_basic, serial_co_window_serial, co_window_paths_a,
          co_window_of_opportunity_a, co_window_corner_a, co_window_paths_b,
          co_window_paths_a, co_window_corner_a, co_window_broadway_c,
          co_window_of_opportunity_b, co_window_of_opportunity_b,
          glass_columns_b, glass_columns_a, sigmund_army
Temple:   pdpol_scorched_temple

Skill      XL: |  1  2  3  4  5  6 |
---------------+-------------------+-----
Spellcasting   | 4 5 6 |  6.7
Conjurations   | 5 6 |  6.7
Hexes          | 1 2 |  2.2
Dodging        | |  2.4
Stealth        | |  2.4

Action                   |  1- 3 |  4- 6 || total
-------------------------+-------+-------++-------
Melee: Short sword       |       |    11 ||    11
       Punch             |       |     2 ||     2
 Cast: Magic Dart        |    86 |   117 ||   203
       Dazzling Flash    |       |     3 ||     3
  Use: Scroll            |     3 |     5 ||     8
 Stab: Invisible         |       |     1 ||     1
Armor: Robe              |     6 |     3 ||     9
Dodge: Dodged            |    23 |    35 ||    58
